 Dungeon Crawl Stone Soup version 0.29.1-12-g30fa7ad0bf (webtiles) character file.

Game seed: 5913837103338011768

15325 mopl the Tainter (level 12, -4/95 HPs)
             Began as a Formicid Venom Mage on Jan 16, 2023.
             Was a High Priest of Okawaru.
             Slain by a five-headed hydra (10 damage)
             ... on level 11 of the Dungeon.
             The game lasted 00:22:24 (10337 turns).

mopl the Tainter (Formicid Venom Mage)             Turns: 10337, Time: 00:22:26

Health: -4/95      AC:  9    Str: 18    XL:     12   Next: 56%
Magic:  5/19       EV: 18    Int: 15    God:    Okawaru [*****.]
Gold:   723        SH:  0    Dex: 14    Spells: 16/21 levels left

rFire   + . .      SeeInvis +   w - +7 arbalest "Nicleuh" {speed, Fragile rF+ rC+ SInv}
rCold   + + .      Faith    .   (no shield)
rNeg    . . .      Spirit   .   c - +0 troll leather armour
rPois   .          Reflect  .   (helmet unavailable)
rElec   .          Harm     .   B - +0 cloak
rCorr   +          Rampage  .   h - +0 pair of gloves
Will    +....                   (no boots)
Stlth   +++.......              (no amulet)
HPRegen 1.05/turn               f - ring of resist corrosion
MPRegen 0.16/turn               i - ring of protection from cold

@: heroic
A: permanent stasis, dig shafts and tunnels, antennae 3, four strong arms
a: Dig, Shaft Self, Renounce Religion, Heroism, Finesse, Duel


You were on level 11 of the Dungeon.
You worshipped Okawaru.
Okawaru was extremely pleased with you.
You visited 2 branches of the dungeon, and saw 12 of its levels.
You also visited: Sewer.

You collected 723 gold pieces.

Inventory:

Hand Weapons
 w - the +7 arbalest "Nicleuh" (weapon) {speed, Fragile rF+ rC+ SInv}
   (You found it on level 3 of the Dungeon)

   Attacks with this weapon are significantly faster.
   rF:        It protects you from fire.
   rC:        It protects you from cold.
   SInv:      It lets you see invisible.
   Fragile:   It will be destroyed if unequipped.
 Z - the +7 Singing Sword {vorpal, sonic wave}
   (You found it on level 10 of the Dungeon)

   It inflicts extra damage upon your enemies.
   It radiates damaging sonic waves as it strikes, especially in combat
   involving dangerous or numerous foes.
Missiles
 l - 3 throwing nets
 D - 2 boomerangs
 I - 15 poisoned darts
 R - 7 curare-tipped darts
Armour
 c - a +0 troll leather armour (worn)
 h - a +0 pair of gloves (worn)
 B - a +0 cloak (worn)
 C - a +0 ring mail of fire resistance
Magical Staves
 j - a staff of air
 q - a staff of earth
Jewellery
 e - a ring of positive energy
 f - a ring of resist corrosion (left hand)
 i - a ring of protection from cold (right hand)
 k - a ring of wizardry
 F - a +6 ring of intelligence
 H - a ring of ice
 S - a +6 ring of intelligence
 Y - a ring of poison resistance
Wands
 A - a wand of paralysis (14)
 J - a wand of polymorph (20)
 L - a wand of iceblast (9)
 M - a wand of light (3)
 Q - a wand of digging (11)
Scrolls
 g - a scroll of enchant weapon {unknown}
 n - 3 scrolls of blinking {unknown}
 o - 3 scrolls of fear {unknown}
 p - 8 scrolls of noise {unknown}
 s - 2 scrolls of fog {unknown}
 x - 10 scrolls of teleportation {unknown}
 E - a scroll of silence {unknown}
 G - 2 scrolls of immolation {unknown}
 N - a scroll of torment {unknown}
 O - a scroll of poison {unknown}
 P - 4 scrolls of enchant armour {unknown}
 U - a scroll of brand weapon {unknown}
 W - a scroll of amnesia {unknown}
 X - 3 scrolls of identify
Potions
 a - 2 potions of flight
 b - a potion of magic
 d - 3 potions of might
 m - a potion of lignification {!q}
 r - a potion of resistance
 t - a potion of brilliance
 u - 8 potions of curing {unknown}
 z - 2 potions of heal wounds
 K - 2 potions of mutation {!q}
 T - a potion of cancellation


   Skills:
 + Level 9.2(14.2) Fighting
 + Level 6.6(11.6) Ranged Weapons
 + Level 9.1(14.1) Armour
 + Level 7.9(12.9) Dodging
 - Level 2.4(7.4) Stealth
 - Level 5.0 Spellcasting
 - Level 1.1 Transmutations
 + Level 12.9 Poison Magic
 + Level 5.2 Invocations


You had 16 spell levels left.
You knew the following spells:

 Your Spells              Type           Power      Damage    Failure   Level
a - Sting                 Tmut/Pois      96%        1d7       1%          1
o - Olgreb's Toxic Radia  Pois           42%        N/A       1%          4

Your spell library contained the following spells:

 Spells                   Type           Power      Damage    Failure   Level
 Poisonous Vapours        Pois/Air       46%        N/A       1%          2
 Mephitic Cloud           Conj/Pois/Air  16%        N/A       10%         3
 Scorch                   Fire           6%         2d5       26%         2
 Confusing Touch          Hex            3%         N/A       47%         3
 Gell's Gravitas          Tloc           3%         N/A       47%         3
 Lesser Beckoning         Tloc           3%         N/A       47%         3
 Portal Projectile        Hex/Tloc       6%         N/A       47%         3
 Teleport Other           Tloc           3%         N/A       47%         3
 Flame Wave               Conj/Fire      3%         2d5       87%         4
 Blade Hands              Tmut           3%         N/A       97%         5
 Freezing Cloud           Conj/Ice/Air   1%         6-21      99%         5
 Yara's Violent Unravell  Hex/Tmut       2%         3d3       99%         5
 Iron Shot                Conj/Erth      1%         9d1       100%        6
 Enfeeble                 Hex            1%         N/A       100%        7
 Polar Vortex             Ice            1%         N/A       100%        9
 Summon Small Mammal      Summ           Unusable   N/A       N/A         1
 Call Canine Familiar     Summ           Unusable   N/A       N/A         3
 Summon Guardian Golem    Hex/Summ       Unusable   N/A       N/A         3
 Tukima's Dance           Hex            Unusable   N/A       N/A         3
 Animate Armour           Summ/Erth      Unusable   N/A       N/A         4
 Simulacrum               Ice/Necr       Unusable   N/A       N/A         6
 Summon Cactus Giant      Summ           Unusable   N/A       N/A         6

Dungeon Overview and Level Annotations

Branches:
Dungeon (11/15)            Temple (1/1) D:5            Lair (0/5) D:9
  Sewer (visited)
    Orc: D:9-12

Altars:
Ashenzari
Cheibriados
Dithmenos
Elyvilon
Fedhas
Gozag
Hepliaklqana
Kikubaaqudgha
Makhleb
Nemelex Xobeh
Okawaru
Qazlal
Ru
Sif Muna
Trog
Uskayaw
Vehumet
Wu Jian
Xom
Yredelemnul
Zin
The Shining One

Annotations:
D:7 2 transporters, gargbit's ghost, novice OpHW


Innate Abilities, Weirdness & Mutations

You cannot be hasted, slowed, berserked, paralysed or teleported.
You can dig through walls and to a lower floor.
You have a pair of large antennae on your head. (SInv)
Your four strong arms can wield two-handed weapons with a shield.


Message History

The five-headed hydra bites you!
The five-headed hydra bites you but does no damage.
The five-headed hydra bites you! x3
Unknown command.
Fire: w) +7 arbalest "Nicleuh" {speed, Fragile rF+ rC+ SInv}
Press: ? - help, Q - select action, (/) - cycle Shift-Dir - straight line, f/p - five-headed hydra
Aim: a five-headed hydra (severely wounded, 85% to hit)
You shoot a bolt. The bolt hits the five-headed hydra.
The five-headed hydra is almost dead.
The kobold demonologist looks even sicker.
Your toxic aura wanes.
The vampire mosquito misses you.
The kobold demonologist casts a spell.
The vampire mosquito completely misses you.
The five-headed hydra bites you but does no damage.
The five-headed hydra completely misses you.
The five-headed hydra bites you. The five-headed hydra bites you!
* * * LOW HITPOINT WARNING * * *
The five-headed hydra bites you!
* * * LOW HITPOINT WARNING * * *
Unknown command.
Aiming: Bolt of Light
Press: ? - help, Shift-Dir - straight line, f/p - five-headed hydra
Aim: a five-headed hydra (severely wounded, 90% to hit)
The bolt of light hits the five-headed hydra!
The five-headed hydra is almost dead.
The five-headed hydra is blinded.
The bolt of light hits the kobold demonologist!
The kobold demonologist is heavily wounded.
The kobold demonologist is blinded.
The vampire mosquito closely misses you.
The vampire mosquito completely misses you.
The five-headed hydra barely misses you.
The five-headed hydra bites you but does no damage.
The five-headed hydra bites you!
* * * LOW HITPOINT WARNING * * *
The five-headed hydra bites you.
* * * LOW HITPOINT WARNING * * *
The five-headed hydra bites you!
You die...

#.#.○.#. # #^# #
#...#..#.# ##.####
#.....[.#.:# #......
#..).)°..# ##.####
#..#5##### ##.# #
#.K..†...### #..# ##
#.......#.(# ######.
#.yD#..#.### #..
#.#@5.#.### ##.
#....#.†..# ##
#......###.# # #
#..#.....### #...###
#.....#.#.####......
#...#..#.###.#...###
#....#..##..##
#.........###
#.#...#†###


You could see a five-headed hydra (blind), a kobold demonologist (wandering,
blind, very poisoned), a vampire mosquito and 2 shadow imps.

Vanquished Creatures
  A boulder beetle (D:11)
  3 two-headed ogres
  Sonja (D:10)
  Pikel (D:4)
  A deep elf pyromancer (D:11)
  An ugly thing (D:11)
  An ice statue (D:10)
  An unseen horror (D:10)
  2 kobold demonologists (D:11)
  Psyche (D:10)
  Grinder (D:6)
  A troll (D:10)
  Prince Ribbit (D:5)
  Sigmund (D:2)
  A vampire (D:9)
  4 yaks (D:9)
  2 shadows
  2 wyverns (D:9)
  A basilisk (D:10)
  3 steam dragons
  3 vampire mosquitoes (D:11)
  Edmund (D:6)
  4 water moccasins
  An acid dragon (D:11)
  Duvessa (D:5)
  5 orc warriors
  2 sky beasts
  Pargi (Sewer)
  3 black bears
  An ice beast (D:7)
  4 ogres
  6 centaurs
  A phantom (D:6)
  2 lemures (D:4)
  3 kobold brigands
  3 bullfrogs
  A gnoll sergeant (D:10)
  7 scorpions
  4 necrophages
  Dowan (D:5)
  12 wights
  A jelly (D:6)
  21 killer bees
  An electric eel (D:9)
  4 howler monkeys
  A gnoll bouda (D:7)
  2 hounds (D:7)
  9 orc priests
  Terence (D:2)
  2 iguanas
  14 orc wizards
  12 gnolls
  10 adders
  3 ufetubi
  2 dart slugs
  52 orcs
  5 endoplasms
  6 giant cockroaches
  17 goblins
  4 hobgoblins
  16 kobolds
  6 quokkas
  8 ball pythons
  4 bats
  5 frilled lizards
  10 rats
312 creatures vanquished.

Vanquished Creatures (others)
  14 fungi (D:9)
  12 plants (D:9)
26 creatures vanquished.

Grand Total: 338 creatures vanquished

Notes
Turn   | Place    | Note
-------+----------+-------------------------------------------
     0 | D:1      | mopl the Formicid Venom Mage began the quest for the Orb.
     0 | D:1      | Reached XP level 1. HP: 13/13 MP: 3/3
   188 | D:1      | Reached XP level 2. HP: 19/19 MP: 1/5
   550 | D:1      | Reached XP level 3. HP: 24/24 MP: 5/7
   602 | D:1      | Reached skill level 3 in Spellcasting
   946 | D:2      | Noticed Terence
  1086 | D:2      | Noticed Sigmund
  1099 | D:2      | Killed Sigmund
  1100 | D:2      | Reached skill level 4 in Spellcasting
  1100 | D:2      | Reached skill level 6 in Poison Magic
  1100 | D:2      | Reached XP level 4. HP: 18/30 MP: 1/10
  1100 | D:2      | Reached XP level 5. HP: 21/35 MP: 1/11
  1100 | D:2      | Reached XP level 6. HP: 24/41 MP: 1/12
  1109 | D:2      | Learned a level 4 spell: Olgreb's Toxic Radiance
  1379 | D:2      | Found a faded altar of an unknown god.
  2223 | D:3      | Identified the +3 short sword "Feqiwyukk" {holy, MP+9
                  | Int+3}
  2326 | D:3      | Identified the +7 arbalest "Nicleuh" {speed, Fragile rF+
                  | rC+ SInv}
  2482 | D:3      | Identified the +1 chain mail "Daczonum" {Harm rF+ Int-3
                  | Slay+3}
  2751 | D:4      | Noticed Pikel
  2814 | D:4      | Reached skill level 7 in Poison Magic
  2841 | D:4      | Identified the +0 ring mail "Ylujyrao" {+Inv Str-3 Int+3
                  | Dex+4}
  2888 | D:4      | Reached skill level 2 in Dodging
  2888 | D:4      | Reached skill level 5 in Spellcasting
  2888 | D:4      | Reached XP level 7. HP: 44/47 MP: 9/14
  2891 | D:4      | Reached skill level 1 in Fighting
  2891 | D:4      | Reached skill level 1 in Armour
  2932 | D:4      | Found a glowing drain.
  2942 | Sewer    | Entered a sewer
  3116 | Sewer    | Noticed Pargi
  3129 | Sewer    | Killed Pargi
  3237 | D:4      | Killed Pikel
  3238 | D:4      | Reached skill level 3 in Fighting
  3238 | D:4      | Reached skill level 3 in Armour
  3238 | D:4      | Reached skill level 3 in Dodging
  3238 | D:4      | Reached skill level 8 in Poison Magic
  3238 | D:4      | Reached XP level 8. HP: 44/58 MP: 15/15
  3756 | D:5      | Entered Level 5 of the Dungeon
  3834 | D:5      | Reached skill level 4 in Fighting
  3834 | D:5      | Reached skill level 4 in Armour
  4004 | D:5      | Noticed Prince Ribbit
  4010 | D:5      | Reached skill level 4 in Dodging
  4016 | D:5      | Killed Prince Ribbit
  4017 | D:5      | Reached skill level 9 in Poison Magic
  4017 | D:5      | Reached XP level 9. HP: 44/66 MP: 9/16
  4337 | D:5      | Noticed Duvessa
  4337 | D:5      | Noticed Dowan
  4343 | D:5      | Killed Duvessa
  4349 | D:5      | Killed Dowan
  4350 | D:5      | Reached skill level 5 in Fighting
  4350 | D:5      | Reached skill level 5 in Armour
  4443 | D:5      | Found a staircase to the Ecumenical Temple.
  4527 | Temple   | Entered the Ecumenical Temple
  4927 | D:6      | Reached skill level 5 in Dodging
  4982 | D:6      | Noticed Grinder
  5098 | D:6      | Killed Grinder
  5099 | D:6      | Reached skill level 1 in Ranged Weapons
  5182 | D:6      | Reached skill level 10 in Poison Magic
  5234 | D:6      | Reached skill level 2 in Ranged Weapons
  5234 | D:6      | Reached skill level 6 in Armour
  5234 | D:6      | Reached XP level 10. HP: 76/76 MP: 17/17
  5255 | D:6      | Reached skill level 6 in Fighting
  5257 | D:6      | Found a snail-covered altar of Cheibriados.
  5259 | D:6      | Noticed Edmund
  5271 | D:6      | Killed Edmund
  5682 | D:7      | Reached skill level 3 in Ranged Weapons
  5822 | D:7      | Reached skill level 6 in Dodging
  6308 | D:7      | Found a glowing golden altar of the Shining One.
  6308 | D:7      | Found an ornate altar of the Wu Jian Council.
  6414 | D:7      | Found a transporter.
  6427 | D:7      | Found a bloodstained altar of Trog.
  6427 | D:7      | Noticed gargbit's ghost (novice OpHW)
  6428 | D:7      | Noticed a two-headed ogre
  6430 | D:7      | Noticed a moth of wrath
  6446 | D:7      | Found a transporter.
  6839 | D:8      | Reached skill level 7 in Fighting
  6909 | D:8      | Reached skill level 7 in Armour
  6921 | D:8      | Reached skill level 11 in Poison Magic
  6981 | D:8      | Reached skill level 4 in Ranged Weapons
  6982 | D:8      | Found an iron altar of Okawaru.
  7005 | D:8      | Became a worshipper of Warmaster Okawaru
  7299 | D:2      | Killed Terence
  7853 | D:9      | Reached XP level 11. HP: 70/84 MP: 8/18
  8086 | D:9      | Reached * piety under Okawaru
  8305 | D:9      | Reached skill level 1 in Invocations
  8359 | D:9      | Reached skill level 5 in Ranged Weapons
  8440 | D:9      | Noticed a two-headed ogre
  8447 | D:9      | Killed a two-headed ogre
  8448 | D:9      | Reached skill level 8 in Fighting
  8448 | D:9      | Reached skill level 8 in Armour
  8448 | D:9      | Reached skill level 7 in Dodging
  8448 | D:9      | Reached skill level 2 in Invocations
  8453 | D:9      | Reached ** piety under Okawaru
  8610 | D:9      | Found a blossoming altar of Fedhas.
  8779 | D:9      | Found a staircase to the Lair.
  8998 | D:9      | Reached skill level 12 in Poison Magic
  9395 | D:10     | Entered Level 10 of the Dungeon
  9426 | D:10     | Noticed a two-headed ogre
  9430 | D:10     | Killed a two-headed ogre
  9431 | D:10     | Reached skill level 3 in Invocations
  9475 | D:10     | Reached *** piety under Okawaru
  9543 | D:10     | Found the +7 Singing Sword {vorpal, sonic wave}
  9698 | D:10     | Reached XP level 12. HP: 94/94 MP: 19/19
  9737 | D:10     | Noticed Sonja
  9740 | D:10     | Killed Sonja
  9741 | D:10     | Reached skill level 4 in Invocations
  9771 | D:10     | Reached skill level 6 in Ranged Weapons
  9809 | D:10     | Noticed Psyche
  9813 | D:10     | Killed Psyche
  9813 | D:10     | Reached **** piety under Okawaru
  9824 | D:10     | Found a broken altar of Ashenzari.
  9824 | D:10     | Found an ancient bone altar of Kikubaaqudgha.
 10119 | D:11     | Noticed a two-headed ogre
 10125 | D:11     | Killed a two-headed ogre
 10267 | D:11     | Noticed a boulder beetle
 10275 | D:11     | Killed a boulder beetle
 10276 | D:11     | Reached skill level 9 in Fighting
 10276 | D:11     | Reached skill level 9 in Armour
 10311 | D:11     | Noticed a five-headed hydra
 10320 | D:11     | Reached ***** piety under Okawaru
 10321 | D:11     | Reached skill level 5 in Invocations
 10337 | D:11     | Slain by a five-headed hydra

Illustrated notes

Levels and vault maps discovered:
D:1:      onia_arrival_mini_maze, layout_basic
D:2:      layout_loops_ring, basic_ecumenical_altar, uniq_terence, uniq_sigmund
D:3:      layout_basic
D:4:      layout_basic, gup_sewer_entry_pipe, minmay_cut_off, uniq_pikel
D:5:      layout_loops_corners, minmay_temple_entry_crystal_x,
          grunt_ministairs_4, grunt_decor_fettered, mrwooster_statue_mirror,
          uniq_duvessa, uniq_prince_ribbit1
D:6:      layout_basic, mainiacjoe_overflow_six_doors_small, uniq_edmund,
          uniq_grinder
D:7:      layout_basic, nicolae_overflow_hidden_temple,
          gammafunk_ghost_wrathful_warriors, st_stairs_11, grunt_ogre_cave
D:8:      layout_basic, okawaru_gym_becter
D:9:      minmay_razor_zed, layout_irregular_city, mainiacjoe_overflow_alcove_4,
          grunt_lair_entry_orc_guard_hut, corexii_corridor_pit, fountainhead,
          kennysheep_doodads
D:10:     layout_basic, mainiacjoe_overflow_large_starburst, serial_glass,
          glass_columns_a, glass_columns_c, minivault_15, uniq_sonja,
          uniq_psyche
D:11:     layout_loops_cross, orc_0_dummy, minmay_increasing_density
Temple:   nicolae_temple_no_exploring_needed

Skill      XL: |  1  2  3  4  5  6  7  8  9 10 11 12 |
---------------+-------------------------------------+-----
Spellcasting   | 4 5 |  5.0
Poison Magic   | 6 7 8 9 10 11 12 | 12.9
Dodging        | 2 3 4 5 6 7 |  7.9
Fighting       | 3 4 5 7 8 9 |  9.2
Armour         | 3 4 6 7 8 9 |  9.1
Ranged Weapons | 2 4 5 6 |  6.6
Invocations    | 3 5 |  5.2
Stealth        | |  2.4
Transmutations | |  1.1

Action                   |  1- 3 |  4- 6 |  7- 9 | 10-12 || total
-------------------------+-------+-------+-------+-------++-------
Melee: Unarmed           |     9 |       |     5 |       ||    14
       Dagger            |    20 |    21 |       |       ||    41
       Short sword       |       |     1 |       |       ||     1
 Fire: Arbalest          |       |    22 |   186 |   406 ||   614
 Cast: Sting             |    42 |    26 |       |       ||    68
       Olgreb's Toxic Ra |       |     3 |     7 |    35 ||    45
Invok: Heroism           |       |       |       |     4 ||     4
 Abil: Dig               |       |       |       |     1 ||     1
Evoke: Wand              |       |       |       |     4 ||     4
  Use: Scroll            |       |       |     6 |     3 ||     9
       Potion            |       |       |       |     4 ||     4
 Stab: Sleeping          |     2 |     1 |       |       ||     3
Armor: Robe              |     4 |    15 |    13 |    31 ||    63
       Troll leather arm |       |       |       |    16 ||    16
Dodge: Dodged            |    13 |    39 |    34 |   152 ||   238
